 Dungeon Crawl Stone Soup version 0.28.0-47-ge53b351184 (webtiles) character file.

Game seed: 2674366837650837376

7 GigaChad the Sneak (level 2, -1/22 HPs)
             Began as a Naga Enchanter on Apr 26, 2022.
             Slain by a goblin
             ... wielding a +0 dagger
              (2 damage)
             ... on level 1 of the Dungeon.
             The game lasted 00:01:25 (707 turns).

GigaChad the Sneak (Naga Enchanter)                  Turns: 707, Time: 00:01:26

Health: -1/22      AC:  1    Str: 10    XL:     2   Next: 0%
Magic:  5/5        EV:  9    Int: 15    God:
Gold:   20         SH:  0    Dex: 11    Spells: 5/5 levels left

rFire   . . .      SeeInvis +   a - +1 dagger
rCold   . . .      Faith    .   (no shield)
rNeg    . . .      Spirit   .   b - +0 robe
rPois   +          Reflect  .   (no helmet)
rElec   .          Harm     .   (no cloak)
rCorr   .          Rampage  .   (no gloves)
Will    .....                   (no barding)
Stlth   +++.......              (no amulet)
HPRegen 0.07/turn               (no ring)
MPRegen 0.09/turn               (no ring)

@: very slow
A: AC +0, large, see invisible, deformed body, poison resistance, slowness 2,
spit poison 1, naga tail 1
a: Spit Poison


You were on level 1 of the Dungeon.
You visited 1 branch of the dungeon, and saw 1 of its levels.

You collected 20 gold pieces.

Inventory:

Hand Weapons
 a - a +1 dagger (weapon)
 d - a +1 dagger of holy wrath
Armour
 b - a +0 robe (worn)
Scrolls
 g - a scroll of fog
Potions
 c - a potion of invisibility
 e - a potion of curing {unknown}
 f - 2 potions of cancellation {unknown}
 h - a potion of mutation {unknown}


   Skills:
 + Level 1.0 Short Blades
 + Level 1.5 Dodging
 + Level 4.9 Stealth
 + Level 2.0 Spellcasting
 + Level 3.1 Hexes


You had 5 spell levels left.
You didn't know any spells.
Your spell library contained the following spells:

 Spells                   Type           Power      Damage    Failure   Level
 Ensorcelled Hibernation  Hex/Ice        12%        N/A       19%         2
 Confusing Touch          Hex            10%        N/A       19%         3
 Tukima's Dance           Hex            10%        N/A       19%         3
 Dazzling Flash           Conj/Hex       12%        N/A       34%         3


Dungeon Overview and Level Annotations

Branches:
Dungeon (1/15)

Altars:


Innate Abilities, Weirdness & Mutations

Your serpentine skin is tough. (AC +0)
You have supernaturally acute eyesight. (SInv)
Armour fits poorly on your strangely shaped body.
Your system is resistant to poisons. (rPois)
You cover ground very slowly.
You can spit poison.
You have a snake-like lower body.


Message History

You hit the hobgoblin.
You kill the hobgoblin!
Found a whip.
You see here a +0 whip.
A ball python comes into view.
Found a scroll labelled RAIR COQELOTA.
h - a scroll labelled RAIR COQELOTA
As you read the scroll labelled RAIR COQELOTA, it crumbles to dust.
Your body is wracked with pain!
It was a scroll of torment.
You start resting.
HP restored.
Found a viscous dark potion.
h - a viscous dark potion A hobgoblin comes into view.
Found 16 gold pieces.
The hobgoblin shouts!
The hobgoblin hits you. The hobgoblin completely misses you.
The hobgoblin hits you.
The hobgoblin hits you but does no damage.
You closely miss the hobgoblin. The hobgoblin closely misses you.
You hit the hobgoblin but do no damage. You hit the hobgoblin but do no damage.
The hobgoblin hits you.
* * * LOW HITPOINT WARNING * * *
You hit the hobgoblin.
The hobgoblin is severely wounded.
The hobgoblin barely misses you.
You hit the hobgoblin.
You kill the hobgoblin!
You have reached level 2!
Unknown command.
You see here a hobgoblin corpse.
You now have 20 gold pieces (gained 16).
A goblin comes into view. It is wielding a +0 dagger.
The goblin shouts!
You hear an angry hiss.
The goblin hits you with a +0 dagger.
* * * LOW HITPOINT WARNING * * *
You closely miss the goblin. The goblin hits you but does no damage.
You barely miss the goblin. The goblin hits you with a +0 dagger.
You die...

.....#.# .#
###.###.S #.# .#
### .##. .. .#
..# .# . ..#.##
..##.# ....
.....# ...#
..#### #..# ..#
#.# #g.# ### #.#
#@.# # #.#
#..###### # #.#
#........ # #.#
#...##... # #.#
#......## #
#.#######.#.####
# #.........#.# #
#..########.#
########†........
.#


You could see a goblin.

Vanquished Creatures
  A ball python (D:1)
  2 hobgoblins (D:1)
  A frilled lizard (D:1)
  2 goblins (D:1)
  A kobold (D:1)
7 creatures vanquished.

Notes
Turn   | Place    | Note
-------+----------+-------------------------------------------
     0 | D:1      | GigaChad the Naga Enchanter began the quest for the Orb.
     0 | D:1      | Reached XP level 1. HP: 15/15 MP: 3/3
   688 | D:1      | Reached XP level 2. HP: 2/22 MP: 5/5
   705 | D:1      | HP: 1/22 [goblin/+0 dagger (3)]
   707 | D:1      | Slain by a goblin

Illustrated notes

Levels and vault maps discovered:
D:1:      ebering_hopf_link, layout_loops_ring, hex_tiny

Action                   || total
-------------------------++-------
Melee: Dagger            ||    29
  Use: Scroll            ||     2
Armor: Robe              ||     4
Dodge: Dodged            ||    11
